 Dungeon Crawl Stone Soup version 0.28.0 (webtiles) character file.

Game seed: 2237935859673724832

297 trckry the Caller (level 6, -6/53 HPs)
             Began as an Ogre Summoner on Feb 16, 2022.
             Mangled by an iguana (11 damage)
             ... on level 4 of the Dungeon.
             The game lasted 00:07:58 (3264 turns).

trckry the Caller (Ogre Summoner)                   Turns: 3264, Time: 00:07:58

Health: -6/53      AC:  6    Str: 13    XL:     6   Next: 35%
Magic:  6/12       EV: 10    Int: 22    God:
Gold:   137        SH:  0    Dex:  9    Spells: 7/13 levels left

rFire   . . .      SeeInvis .   g - +0 quarterstaff
rCold   . . .      Faith    .   (shield currently unavailable)
rNeg    . . .      Spirit   .   h - +3 robe "Maunav" {Int+4}
rPois   .          Reflect  .   (helmet restricted)
rElec   .          Harm     .   (no cloak)
rCorr   .          Rampage  .   (gloves unavailable)
Will    .....                   (boots unavailable)
Stlth   ++........              (no amulet)
HPRegen 0.17/turn               (no ring)
MPRegen 0.13/turn               (no ring)

@: no status effects
A: large, unfitting armour, tough skin 1
a: no special abilities


You were on level 4 of the Dungeon.
You visited 1 branch of the dungeon, and saw 4 of its levels.

You collected 137 gold pieces.

Inventory:

Hand Weapons
 g - a +0 quarterstaff (weapon)
 j - the +4 dagger of Uskayaw's Envy {vorpal, *Noise rC- rN+++ MP+9}
   (You found it on level 3 of the Dungeon)

   It inflicts extra damage upon your enemies.
   rC:        It makes you vulnerable to cold.
   rN:        It renders you almost immune to negative energy.
   MP:        It affects your magic capacity (+9).
   *Noise:    It may make noises in combat.
Missiles
 i - 3 poisoned darts
Armour
 h - the +3 robe "Maunav" (worn) {Int+4}
   (You found it on level 2 of the Dungeon)

   Int:       It affects your intelligence (+4).
Wands
 k - a wand of polymorph (10)
Scrolls
 a - 2 scrolls of identify {unknown}
 d - a scroll of holy word {unknown}
 n - a scroll of magic mapping {unknown}
 o - a scroll of enchant weapon {unknown}
Potions
 b - 2 potions of lignification {unknown}
 c - a potion of attraction {unknown}
 e - 2 potions of might {unknown}
 f - a potion of brilliance {unknown}
 l - a potion of mutation {unknown}
 m - a potion of cancellation {unknown}


   Skills:
 - Level 2.0 Dodging
 - Level 2.0 Stealth
 + Level 4.3 Spellcasting
 * Level 5.7 Summonings


You had 7 spell levels left.
You knew the following spells:

 Your Spells              Type           Power      Damage    Failure   Level
a - Summon Small Mammal   Summ           100%       N/A       1%          1
b - Call Imp              Summ           30%        N/A       1%          2
c - Call Canine Familiar  Summ           30%        N/A       3%          3

Your spell library contained the following spells:

 Spells                   Type           Power      Damage    Failure   Level
 Summon Guardian Golem    Hex/Summ       17%        N/A       10%         3
 Summon Lightning Spire   Summ/Air       17%        N/A       32%         4


Dungeon Overview and Level Annotations

Branches:
Dungeon (4/15)
 Temple: D:4-7

Altars:
Yredelemnul


Innate Abilities, Weirdness & Mutations

You are too large for most types of armour.
You have tough skin. (AC +1)


Message History

Your hound bites the iguana but does no damage.
The iguana barely misses you.
Your crimson imp barely misses the iguana.
You hit the iguana.
The iguana is moderately wounded.
Your hound closely misses the iguana.
The iguana bites you!
Your hound bites the iguana.
Your crimson imp hits the iguana but does no damage.
The iguana bites you!
You hit the iguana but do no damage.
The iguana is heavily wounded.
Your hound disappears in a puff of smoke!
Your crimson imp hits the iguana but does no damage.
The iguana bites you!
You hit the iguana.
The iguana is heavily wounded.
Your crimson imp hits the iguana but does no damage.
The iguana bites your crimson imp but does no damage.
Your crimson imp barely misses the iguana.
You closely miss the iguana.
The iguana is heavily wounded.
The iguana barely misses you.
Your crimson imp hits the iguana but does no damage.
Casting: Call Imp (safe; 1% risk of failure)
Confirm with . or Enter, or press ? or * to list all spells.
The iguana bites you!
* * * LOW HITPOINT WARNING * * *
Your crimson imp hits the iguana but does no damage.
Your crimson imp hits the iguana but does no damage.
The iguana closely misses you.
Your crimson imp hits the iguana.
Your hound barely misses the iguana.
Your hound barely misses the iguana.
You hit the iguana but do no damage.
The iguana is severely wounded.
Your crimson imp hits the iguana but does no damage.
Your hound bites the iguana but does no damage.
The iguana bites you!
* * * LOW HITPOINT WARNING * * *
The iguana bites you!
You die...

#####†#### #... .. ..# #.#
...#.# #.# #.# #... #.# #.#
##'## #.# #.# ##...## #.# #.##
##...).## ####.# #[.##
##.......## ##.##.#
##†..####....5h...####...#.##
###.......'...@l....'..........
#......####........^####.....##
#.##..## ##.......## ###.....#
#.##...## ##.....## #.......#
#.....#.# ##...## #.......#
#..#.#.########+## #.......#
#..#..##.....##.# ###...#.#
#....###.....##.####### #...#.#
##.### #...........5.5# #.)...#


You could see an iguana (ally target), a friendly hound (summoned) and a
friendly crimson imp (summoned).

Vanquished Creatures
  A gnoll (D:3)
  An adder (D:4)
  A worm (D:2)
  An orc (D:4)
  2 endoplasms
  5 giant cockroaches
  4 goblins
  3 hobgoblins
  A quokka (D:2)
  4 ball pythons
  4 bats
  A frilled lizard (D:3)
  4 kobolds
  2 rats (D:2)
34 creatures vanquished.

Vanquished Creatures (collateral kills)
  A scorpion (D:3)
  An orc priest (D:4)
  An iguana (D:4)
  A hound skeleton (D:4)
  6 gnolls (D:3)
  An adder (D:3)
  3 worms (D:2)
  A dart slug (D:1)
  2 orcs (D:4)
  A bat (D:1)
  An endoplasm (D:1)
  3 giant cockroaches
  4 goblins
  A quokka (D:1)
  5 ball pythons
  3 frilled lizards (D:1)
  4 kobolds
  6 rats
45 creatures vanquished.

Grand Total: 79 creatures vanquished

Notes
Turn   | Place    | Note
-------+----------+-------------------------------------------
     0 | D:1      | trckry the Ogre Summoner began the quest for the Orb.
     0 | D:1      | Reached XP level 1. HP: 16/16 MP: 3/3
   182 | D:1      | Reached XP level 2. HP: 24/24 MP: 5/5
   185 | D:1      | Learned a level 2 spell: Call Imp
   904 | D:1      | Reached skill level 4 in Summonings
  1051 | D:1      | Reached XP level 3. HP: 31/31 MP: 7/7
  1466 | D:1      | Learned a level 3 spell: Call Canine Familiar
  1534 | D:2      | Found a faded altar of an unknown god.
  1838 | D:2      | Identified the +3 robe "Maunav" {Int+4}
  2283 | D:2      | Reached XP level 4. HP: 39/39 MP: 6/8
  2378 | D:3      | Identified the +4 dagger of Uskayaw's Envy {vorpal, *Noise
                  | rC- rN+++ MP+9}
  2542 | D:3      | Found a basalt altar of Yredelemnul.
  2610 | D:3      | Noticed a scorpion
  2641 | D:3      | Killed a scorpion
  2642 | D:3      | Reached skill level 5 in Summonings
  2642 | D:3      | Reached XP level 5. HP: 45/45 MP: 4/10
  3111 | D:4      | Reached XP level 6. HP: 53/53 MP: 9/12
  3264 | D:4      | HP: 5/53 [iguana (9)]
  3264 | D:4      | Mangled by an iguana

Illustrated notes

Levels and vault maps discovered:
D:1:      lightli_arrival_noodles, layout_basic, serial_park_tiny_1,
          patterned_corridor
D:2:      layout_rooms, hellmonk_ecumenical_altar_crossroads
D:3:      layout_rooms, mainiacjoe_overflow_boulevard
D:4:      layout_loops_corners, minmay_temple_entry_slanted

Skill      XL: |  1  2  3  4  5 |
---------------+----------------+-----
Dodging        | 2 |  2.0
Summonings     | 4 5 |  5.7
Spellcasting   | 3 4 |  4.3
Stealth        | 2 |  2.0

Action                   |  1- 3 |  4- 6 || total
-------------------------+-------+-------++-------
Melee: War axe           |    64 |       ||    64
       Quarterstaff      |    14 |    46 ||    60
 Cast: Summon Small Mamm |    22 |       ||    22
       Call Imp          |     2 |     7 ||     9
       Call Canine Famil |       |    10 ||    10
 Stab: Sleeping          |     1 |     1 ||     2
Armor: Robe              |    40 |    29 ||    69
Dodge: Dodged            |    65 |    29 ||    94
